 Dungeon Crawl Stone Soup version 0.17-a0-981-gf8a484a (webtiles) character file.

72 Kisielow the Insei (level 4, -3/32 HPs)
             Began as a Merfolk Transmuter on May 11, 2015.
             Slain by an orc
             ... wielding a +0 flail
              (8 damage)
             ... on level 4 of the Dungeon.
             The game lasted 00:10:41 (3019 turns).

Kisielow the Insei (Merfolk Transmuter)             Turns: 3019, Time: 00:10:41

Health: -3/32      AC:  3    Str: 10    XL:     4   Next: 25%
Magic:  5/7        EV: 13    Int: 13    God:
Gold:   121        SH:  0    Dex: 14    Spells: 2 memorised, 3 levels left

rFire  . . .     SeeInvis .       - Unarmed
rCold  . . .     Clarity  .     b - +0 robe
rNeg   . . .     SustAb   .     (no shield)
rPois  +         Gourm    .     (no helmet)
rElec  .         Spirit   .     (no cloak)
rCorr  .         Warding  .     (no gloves)
rMut   .         Stasis   .     (no boots)
MR     .....                    i - amulet of inaccuracy (curse)
Stlth  +.........               (no ring)
                                v - ring of poison resistance

@: not resistant to hostile enchantments, very unstealthy
A: change form in water, swift swim, icy blue scales 1
a: no special abilities


You were on level 4 of the Dungeon.
You were not hungry.

You visited 1 branch of the dungeon, and saw 4 of its levels.

You collected 121 gold pieces.

Inventory:

Missiles
 a - 12 arrows
Armour
 b - a +0 robe (worn)
Jewellery
 i - a cursed amulet of inaccuracy (around neck)
 v - a ring of poison resistance (left hand)
 w - an uncursed amulet of clarity {unknown}
Scrolls
 e - a scroll of identify
 h - a scroll of recharging
 m - a scroll of magic mapping
Potions
 k - 2 potions of invisibility
 o - 2 potions of agility
 s - a potion of flight
Books
 c - a book of Changes

   Spells                             Type                      Level
   a - Beastly Appendage              Transmutation                1
   b - Sticks to Snakes               Transmutation                2
   c - Spider Form                    Transmutation/Poison         3
   d - Ice Form                       Ice/Transmutation            4
   e - Blade Hands                    Transmutation                5
Comestibles
 d - 3 bread rations
 g - 2 slices of pizza
 j - 3 meat rations


   Skills:
 - Level 1.1 Fighting
 - Level 2.6 Dodging
 - Level 4.5 Unarmed Combat
 - Level 2.0 Spellcasting
 * Level 4.0 Transmutations
 - Level 1.0 Poison Magic


You had 3 spell levels left.
You knew the following spells:

 Your Spells              Type           Power        Failure   Level  Hunger
a - Beastly Appendage     Trmt           ##....       6%          1    ##.....
s - Spider Form           Trmt/Pois      #.........   28%         3    ####...


Dungeon Overview and Level Annotations

Branches:
Dungeon (4/15)
 Temple: D:4-7

Altars:
Ru


Innate Abilities, Weirdness & Mutations

You revert to your normal form in water.
You are very nimble and swift while swimming.
You are partially covered in icy blue scales (AC +1).


Message History

The orc priest is moderately wounded.
The orc closely misses you. x2
The orc priest hits you but does no damage.
You see here a flail.
You hit the orc.
The orc is poisoned.
The orc is moderately wounded.
Your transformation has ended.
Your +0 robe unmelds from your body.
The orc barely misses you. The orc hits you with a flail.
The orc priest hits you but does no damage.
You hit the orc.
The orc is heavily wounded.
The orc looks more healthy.
The orc hits you with a mace.
* * * LOW HITPOINT WARNING * * *
The orc priest invokes the aid of Beogh against you.
Pain shoots through your body!
* * * LOW HITPOINT WARNING * * *
The orc completely misses you. The orc hits you with a flail!
You die...

###
#..
##.##
[..#
#..# #
#@o#.#
#oo..#
#.#..#
#.#..#
#.#..#
#.#..#
#<#..#
#.#..#
#.#..#


You could see an orc priest and 2 orcs.

Vanquished Creatures
  2 adders
  2 worms
  3 orcs
  A ball python (D:3)
  A giant cockroach (D:2)
  4 goblins
  5 hobgoblins
  5 jackals
  7 bats
  2 giant geckos (D:3)
  A giant newt (D:3)
  6 kobolds
  5 rats
44 creatures vanquished.

Notes
Turn   | Place    | Note
--------------------------------------------------------------
     0 | D:1      | Kisielow, the Merfolk Transmuter, began the quest for the Orb.
     0 | D:1      | Reached XP level 1. HP: 15/15 MP: 3/3
   538 | D:1      | Reached XP level 2. HP: 19/21 MP: 3/5
   878 | D:2      | Reached skill level 4 in Unarmed Combat
  1065 | D:2      | Reached XP level 3. HP: 19/26 MP: 4/6
  1256 | D:2      | Learned a level 3 spell: Spider Form
  1694 | D:2      | Found a sacrificial altar of Ru.
  2083 | D:3      | Reached skill level 1 in Poison Magic
  2341 | D:3      | Gained mutation: You are partially covered in icy blue scales (AC +1). [potion of beneficial mutation]
  2345 | D:3      | Reached XP level 4. HP: 3/32 MP: 7/7
  3019 | D:4      | Slain by an orc

Vault maps used:
D:1:      minmay_arrival_hallway, hangedman_abyss_or_decor_stabs
D:2:      nicolae_ru_the_path_less_chosen, first_bread
D:3:      minmay_cupped
D:4:      serial_shops, kennysheep_little_box, uniq_sigmund, uniq_eustachio,
          uniq_menkaure

Action                   |  1- 3 |  4- 6 || total
-------------------------+-------+-------++-------
Melee: Unarmed           |   118 |    29 ||   147
 Cast: Beastly Appendage |    21 |     1 ||    22
       Spider Form       |     4 |     2 ||     6
  Use: Scroll            |    11 |       ||    11
       Potion            |     2 |       ||     2
  Eat: Chunk             |     6 |     2 ||     8
